 Dungeon Crawl Stone Soup version 0.27.0-1-g7a089689b8 (webtiles) character file.

Game seed: 12955714941057549857

116 frimble the Chopper (level 4, 0/38 HPs)
             Began as a Minotaur Warper on Aug 16, 2021.
             Was an Initiate of Cheibriados.
             Slain by an orc wizard (1 damage)
             ... on level 4 of the Dungeon.
             The game lasted 00:02:26 (3413 turns).

frimble the Chopper (Minotaur Warper)               Turns: 3413, Time: 00:02:26

Health: 0/38       AC:  3    Str: 17    XL:     4   Next: 69%
Magic:  5/5        EV: 11    Int: 11    God:    Cheibriados [......]
Gold:   140        SH:  5    Dex: 11    Spells: 3/5 levels left

rFire    . . .     SeeInvis .   a - +0 hand axe
rCold    . . .     Faith    .   o - +2 buckler
rNeg     . . .     Spirit   .   b - +0 leather armour
rPois    .         Reflect  .   (helmet restricted)
rElec    .         Harm     .   (no cloak)
rCorr    .         Rampage  .   (no gloves)
Will     .....                  (no boots)
Stlth    +.........             (no amulet)
HPRegen  0.12/turn              (no ring)
MPRegen  0.09/turn              (no ring)

@: very slow
A: horns 2, retaliatory headbutt
a: Renounce Religion, Bend Time


You were on level 4 of the Dungeon.
You worshipped Cheibriados.
Cheibriados was noncommittal.
You visited 2 branches of the dungeon, and saw 5 of its levels.

You collected 140 gold pieces.

Inventory:

Hand Weapons
 a - a +0 hand axe (weapon)
Missiles
 d - 5 boomerangs of dispersal (quivered)
 e - 5 javelins
 f - a throwing net
Armour
 b - a +0 leather armour (worn)
 o - a +2 buckler (worn)
Scrolls
 c - a scroll of blinking
 h - 2 scrolls of identify {unknown}
 k - a scroll of enchant weapon {unknown}
 l - a scroll of noise {unknown}
Potions
 g - a potion of invisibility {unknown}
 i - 2 potions of haste {unknown}
 j - a potion of ambrosia {unknown}
 m - a potion of lignification {unknown}
 n - a potion of might {unknown}


   Skills:
 + Level 3.5 Fighting
 + Level 3.5 Axes
 - Level 2.2 Throwing
 - Level 1.3 Armour
 - Level 3.0 Dodging
 * Level 1.0 Shields
 - Level 1.4 Spellcasting
 + Level 2.3 Translocations


You had 3 spell levels left.
You knew the following spells:

 Your Spells              Type           Power      Damage    Failure   Level
a - Blink                 Tloc           N/A        N/A       32%         2

Your spell library contained the following spells:

 Spells                   Type           Power      Damage    Failure   Level
 Gell's Gravitas          Tloc           2%         N/A       54%         3
 Lesser Beckoning         Tloc           2%         N/A       54%         3
 Teleport Other           Tloc           5%         N/A       54%         3
 Summon Ice Beast         Ice/Summ       0%         N/A       99%         4
 Manifold Assault         Tloc           5%         N/A       99%         5
 Summon Mana Viper        Hex/Summ       0%         N/A       100%        5
 Monstrous Menagerie      Summ           0%         N/A       100%        7


Dungeon Overview and Level Annotations

Branches:
Dungeon (4/15)             Temple (1/1) D:4

Altars:
Ashenzari
Cheibriados
Elyvilon
Gozag
Hepliaklqana
Kikubaaqudgha
Makhleb
Nemelex Xobeh
Okawaru
Qazlal
Ru
Sif Muna
Uskayaw
Vehumet
Wu Jian
The Shining One


Innate Abilities, Weirdness & Mutations

You have a pair of horns on your head.
You reflexively headbutt those who attack you in melee.


Message History

You are too injured to fight recklessly!
You are too injured to fight recklessly!
You are too injured to fight recklessly!
You are too injured to fight recklessly!
You are too injured to fight recklessly!
You are too injured to fight recklessly!
You are too injured to fight recklessly!
You hit the orc wizard. Your headbutt misses the orc wizard.
The orc wizard is almost dead.
The orc wizard gestures at you while chanting.
You are confused.
The orc wizard gestures wildly while chanting.
The orc wizard flickers and vanishes!
Deactivating autopickup; reactivate with Ctrl-A.
You closely miss the orc wizard.
The orc wizard is almost dead.
You bump into the rock wall.
The orc wizard points at you and mumbles some strange words.
The magic dart hits you! Something hits you.
You hit something but do no damage. You hit the orc wizard.
You kill the orc wizard!
Cheibriados appreciates the change of pace.
Something completely misses you.
Your Shields skill increases to level 1!
Unknown command.
You're too confused to move!
You're too confused to move!
Something hits you.
The orc hits you with a +2 vorpal hand axe.
* * * LOW HITPOINT WARNING * * *
x2 You bump into the rock wall.
You feel less confused.
You hear some strange, mumbled words.
A magic dart appears from out of thin air!
The magic dart hits you.
* * * LOW HITPOINT WARNING * * *
The orc barely misses you. You furiously retaliate!
You headbutt the orc!
You kill the orc!
Cheibriados appreciates the change of pace.
Something hits you.
You die...

######## #.)....#######
#.#..........########
###.#.##.#####..@.....#
.##...##.# ##{##.##.#
..#.####.# #.# #
#.....##.# #.#
#........# #.#
#.#...##### #.#
##......... #..
#...#...... ###
...#.......


There were no monsters in sight!

Vanquished Creatures
  An orc wizard (D:4)
  2 adders
  2 worms
  2 dart slugs
  3 orcs
  3 ball pythons
  2 endoplasms
  2 giant cockroaches (D:2)
  6 goblins
  4 hobgoblins
  10 jackals
  4 kobolds
  2 quokkas (D:1)
  4 bats
  A frilled lizard (D:1)
  5 rats
53 creatures vanquished.

Vanquished Creatures (others)
  5 plants (D:2)
5 creatures vanquished.

Grand Total: 58 creatures vanquished

Notes
Turn   | Place    | Note
-------+----------+-------------------------------------------
     0 | D:1      | frimble the Minotaur Warper began the quest for the Orb.
     0 | D:1      | Reached XP level 1. HP: 18/18 MP: 1/1
   289 | D:1      | Reached XP level 2. HP: 22/25 MP: 3/3
   994 | D:2      | Found an iron altar of Okawaru.
  1007 | D:2      | Reached XP level 3. HP: 24/31 MP: 4/4
  1170 | D:2      | Found a faded altar of an unknown god.
  2418 | D:3      | Reached XP level 4. HP: 25/38 MP: 5/5
  2712 | D:3      | Learned a level 2 spell: Blink
  3111 | D:4      | Found a staircase to the Ecumenical Temple.
  3289 | Temple   | Entered the Ecumenical Temple
  3338 | Temple   | Became a worshipper of Cheibriados the Contemplative
  3410 | D:4      | Reached skill level 1 in Shields
  3412 | D:4      | HP: 1/38 [something/magic dart (6)]
  3413 | D:4      | Slain by an orc wizard

Illustrated notes

Levels and vault maps discovered:
D:1:      matt_arrival_grand_opening, layout_loops_ring
D:2:      layout_rooms, basic_altar, serial_forest, infiniplex_forest_lined_1,
          infiniplex_forest_clump_curved, infiniplex_forest_clump_long,
          infiniplex_forest_straight_2, chequers_ecumenical_altar_simple_redux,
          serial_bayou_pond_a, patterned_corridor
D:3:      layout_basic
D:4:      layout_loops_cross, minmay_temple_entry_arrows, skrybe_limestone_x,
          chequers_serial_rivers_small_b, kennysheep_nub, uniq_menkaure
Temple:   kilobyte_greek_temple

Skill      XL: |  1  2  3  4 |
---------------+-------------+-----
Fighting       | 3 |  3.5
Axes           | 3 |  3.5
Throwing       | 2 |  2.2
Dodging        | 3 |  3.0
Shields        | 1 |  1.0
Armour         | |  1.3
Spellcasting   | |  1.4
Translocations | |  2.3

Action                   |  1- 3 |  4- 6 || total
-------------------------+-------+-------++-------
Melee: Hand axe          |   116 |    23 ||   139
       Headbutt          |    12 |     2 ||    14
Armor: Leather armour    |    41 |     2 ||    43
Dodge: Dodged            |    72 |    19 ||    91
